 Dungeon Crawl Stone Soup version bcrawl-1.39.1 (webtiles) character file.

Game seed: 7965081967410327746

160996 Finalfun the Ducker (level 4, -1/37 HPs)
             Began as a Minotaur Archaeologist on Sept 26, 2023.
             Slain by an adder (2 damage)
             ... on level 2 of the Dungeon.
             The game lasted 00:03:36 (1501 turns).

Finalfun the Ducker (Minotaur Archaeologist)        Turns: 1501, Time: 00:03:36

Health: -1/37      AC:  8    Str: 17      XL:     4   Next: 47%
Magic:  3/3        EV: 10    Int: 10 (11) God:
Gold:   134        SH:  4    Dex:  7 (8)  Spells: 3/3 levels left

rFire    . . .     GDR:     21% a - +0 whip
rCold    . . .     SeeInvis .   k - +0 buckler
rNeg     . . .     Gourm    .   s - +0 ring mail
rPois    .         Faith    .   d - +1 hat
rElec    .         Spirit   .   (no cloak)
rCorr    .         Reflect  .   (no gloves)
MR       .....                  i - +1 pair of boots
Stlth    +.........             (no amulet)
HPRegen  0.16/turn              (no ring)
MPRegen  0.08/turn              (no ring)

@: lethally poisoned (-1 -> -2), marked
A: retaliatory headbutt, horns 2
a: no special abilities


You were on level 2 of the Dungeon.
You were hungry.

You visited 1 branch of the dungeon, and saw 2 of its levels.

You collected 134 gold pieces.

Inventory:

Hand Weapons
 a - a +0 whip (weapon)
 b - a +0 blowgun
Missiles
 f - 6 curare-tipped needles
 n - 128 poisoned needles
 p - a throwing net {=f}
Armour
 d - a +1 hat (worn)
 i - a +1 pair of boots (worn)
 k - a +0 buckler (worn)
 r - a +1 pair of boots
 s - a +0 ring mail (worn)
Wands
 j - a wand of iceblast (3)
Scrolls
 g - 2 scrolls of revelation
 l - a scroll of noise
 q - a scroll of remove curse
Miscellaneous
 h - a dusty tome
Comestibles
 c - 2 chunks of flesh
 e - 2 rations {!d}


   Skills:
 + Level 2.6 Fighting
 - Level 1.2 Maces & Flails
 + Level 2.2 Armour
 + Level 4.0 Dodging
 - Level 3.0 Stealth
 + Level 2.1 Shields


You had 3 spell levels left.
You didn't know any spells.
Your spell library was empty.

Dungeon Overview and Level Annotations

Branches:
Dungeon (2/12)

Altars:


Innate Abilities, Weirdness & Mutations

You reflexively headbutt those who attack you in melee.
You have a pair of horns on your head.


Message History

Cornered, the leopard gecko turns to fight!
Your surroundings suddenly seem different.
A goblin comes into view. It is wielding a +0 club.
You closely miss the goblin. The goblin closely misses you.
The goblin hits you but does no damage.
You hit the goblin but do no damage.
* * * LOW HITPOINT WARNING * * *
You feel sick.
An adder comes into view.
The goblin closely misses you. You furiously retaliate!
You headbutt the goblin!
You kill the goblin!
Things that are here:
a +0 club; a goblin corpse
There is a lethal amount of poison in your body!
* * * LOW HITPOINT WARNING * * *
You feel sick. The bat barely misses you.
The bat hits you but does no damage. x2
The bat hits you but does no damage. The adder bites you.
You die...

.# ### ####.. .?.
.....# # #.## #..)#..
.....###(.....#
#.#...b....# #
###.........# .
......S@....# .
###.).......#
.#########.....#.....#
.............#####....#
.............# ###.#
#..#####...?## .# #.l#
##..# # #.# #..# #b#
#..#


You could see an adder and a bat.

Vanquished Creatures
  A hound (D:2)
  A worker ant (D:2)
  A howler monkey skeleton (D:2)
  A worm (D:1)
  2 dart slugs (D:1)
  A leopard gecko (D:1)
  A goblin (D:2)
  5 hobgoblins
  2 jackals (D:1)
  A kobold (D:1)
  3 quokkas
  A ball python (D:1)
  5 bats
  3 frilled lizards
  2 rats (D:2)
30 creatures vanquished.

Notes
Turn   | Place    | Note
-------+----------+-------------------------------------------
     0 | D:1      | Finalfun the Minotaur Archaeologist began the quest for the
                  | Orb.
     0 | D:1      | Reached XP level 1. HP: 16/16 MP: 0/0
   405 | D:1      | Reached XP level 2. HP: 23/23 MP: 1/1
   556 | D:1      | Reached skill level 1 in Armour
   753 | D:1      | Reached skill level 1 in Shields
  1192 | D:2      | Reached XP level 3. HP: 29/29 MP: 2/2
  1276 | D:2      | Reached XP level 4. HP: 32/37 MP: 3/3
  1483 | D:2      | Reached skill level 4 in Dodging
  1493 | D:2      | HP: 1/37 [poisoned by a worker ant]
  1499 | D:2      | HP: 1/37 [poisoned by a worker ant]
  1501 | D:2      | Slain by an adder

Skill      XL: |  1  2  3  4 |
---------------+-------------+-----
Armour         | 1 2 |  2.2
Shields        | 1 2 |  2.1
Fighting       | 2 |  2.6
Stealth        | 3 |  3.0
Dodging        | 4 |  4.0
Maces & Flails | |  1.2

Action                   |  1- 3 |  4- 6 || total
-------------------------+-------+-------++-------
Melee: Whip              |    77 |    25 ||   102
       Headbutt          |    10 |     5 ||    15
  Use: Scroll            |     1 |     3 ||     4
       Potion            |       |     1 ||     1
 Stab: Sleeping          |     4 |       ||     4
  Eat: Chunk             |     3 |     1 ||     4
Armor: Robe              |     6 |       ||     6
       Chain mail        |    43 |     4 ||    47
       Ring mail         |       |    18 ||    18
Dodge: Dodged            |    28 |    27 ||    55
Block: Buckler           |     4 |     2 ||     6
